 Dungeon Crawl Stone Soup version 0.29.1-15-g9cfb28693d (webtiles) character file.

Game seed: 15569880046474407050

646 Renzlar the Chopper (level 7, -4/59 HPs)
             Began as a Ghoul Fighter on Mar 5, 2023.
             Was a Follower of Okawaru.
             Slain by a two-headed ogre
             ... wielding a +0 giant club
              (15 damage)
             ... on level 5 of the Dungeon.
             The game lasted 00:13:14 (3939 turns).

Renzlar the Chopper (Ghoul Fighter)                 Turns: 3939, Time: 00:13:15

Health: -4/59      AC: 11    Str: 26    XL:     7   Next: 52%
Magic:  6/6        EV:  6    Int:  5    God:    Okawaru [*.....]
Gold:   295        SH: 10    Dex: 11    Spells: 6/6 levels left

rFire   . . .      SeeInvis .   a - +1 war axe (flame)
rCold   + . .      Faith    .   l - +2 kite shield
rNeg    + + +      Spirit   .   h - +0 chain mail
rPois   ∞          Reflect  .   n - +0 helmet
rElec   .          Harm     .   (no cloak)
rCorr   .          Rampage  .   f - +0 pair of gloves
Will    .....                   (no boots)
Stlth   ..........              (no amulet)
HPRegen 0.00/turn               m - ring of Qeadgh {Str+6 Dex+3 Slay+3}
MPRegen 0.10/turn               (no ring)

@: inhibited regen
A: claws 1, cold resistance 1, negative energy resistance 3, inhibited
regeneration, torment resistance 2, devour on kill
a: Renounce Religion, Heroism


You were on level 5 of the Dungeon.
You worshipped Okawaru.
Okawaru was aware of your devotion.
You visited 2 branches of the dungeon, and saw 6 of its levels.

You collected 295 gold pieces.

Inventory:

Hand Weapons
 a - a +1 war axe of flaming (weapon)
 c - a +0 sling
Missiles
 i - 19 poisoned darts (quivered)
Armour
 b - a +0 scale mail
 f - a +0 pair of gloves (worn)
 h - a +0 chain mail (worn)
 l - a +2 kite shield (worn)
 n - a +0 helmet (worn)
Jewellery
 j - a ring of ice
 m - the ring of Qeadgh (left hand) {Str+6 Dex+3 Slay+3}
   (You acquired it on level 3 of the Dungeon)

   [ring of strength]

   Str:       It affects your strength (+6).
   Dex:       It affects your dexterity (+3).
   Slay:      It affects your accuracy & damage with ranged weapons and melee
   (+3).
Wands
 o - a wand of digging (7)
 q - a wand of iceblast (10)
Scrolls
 g - 6 scrolls of identify
 p - a scroll of teleportation
Potions
 d - a potion of might
 e - a potion of haste
 k - a potion of curing


   Skills:
 + Level 4.1 Fighting
 * Level 5.5 Axes
 * Level 2.6 Ranged Weapons
 + Level 3.6 Armour
 + Level 0.2 Dodging
 + Level 0.2 Stealth
 + Level 3.4 Shields


You had 6 spell levels left.
You didn't know any spells.
Your spell library contained the following spells:

 Spells                   Type           Power      Damage    Failure   Level
 Gell's Gravitas          Tloc           0%         N/A       100%        3
 Lesser Beckoning         Tloc           0%         N/A       100%        3
 Teleport Other           Tloc           0%         N/A       100%        3
 Fireball                 Conj/Fire      0%         3d3       100%        5
 Starburst                Conj/Fire      0%         6d3       100%        6
 Ignition                 Fire           0%         3d3       100%        8


Dungeon Overview and Level Annotations

Branches:
Dungeon (5/15)             Temple (1/1) D:4

Altars:
Okawaru
Uskayaw
Xom
Yredelemnul


Innate Abilities, Weirdness & Mutations

You are immune to poison.
You have sharp fingernails.
Your flesh is cold resistant. (rC+)
You are immune to negative energy. (rN+++)
You do not regenerate when monsters are visible.
You are immune to unholy pain and torment.
You thrive by killing the living.


Message History

Aim: a two-headed ogre, wielding two +0 giant clubs (76% to hit)
You throw a poisoned dart.
The poisoned dart hits the two-headed ogre.
The two-headed ogre is poisoned.
Throw: 21 darts (poison)
Press: ? - help, Q - select action, (/) - cycle Shift-Dir - straight line, f/p - two-headed ogre
Aim: a two-headed ogre, wielding two +0 giant clubs (lightly wounded, poisoned, 76% to hit)
You throw a poisoned dart.
The poisoned dart hits the two-headed ogre.
The two-headed ogre looks even sicker.
The two-headed ogre is lightly wounded.
Throw: 20 darts (poison)
Press: ? - help, Q - select action, (/) - cycle Shift-Dir - straight line, f/p - two-headed ogre
Aim: a two-headed ogre, wielding two +0 giant clubs (very poisoned, 76% to hit)
You throw a poisoned dart.
The poisoned dart hits the two-headed ogre.
The two-headed ogre looks even sicker.
You are already wielding that!
You hit the two-headed ogre. You burn the two-headed ogre.
The two-headed ogre is lightly wounded.
You block the two-headed ogre's attack.
The two-headed ogre hits you with a +0 giant club!!
You hit the two-headed ogre. You burn the two-headed ogre.
The two-headed ogre is moderately wounded.
You block the two-headed ogre's attack.
The two-headed ogre hits you with a +0 giant club!
You slash the two-headed ogre! You burn the two-headed ogre.
The two-headed ogre is heavily wounded.
The two-headed ogre barely misses you. You block the two-headed ogre's attack.
You hit the two-headed ogre but do no damage.
The two-headed ogre is heavily wounded.
The two-headed ogre hits you with a +0 giant club!
* * * LOW HITPOINT WARNING * * *
You block the two-headed ogre's attack.
Unknown command.
You hit the two-headed ogre. You burn the two-headed ogre.
The two-headed ogre is heavily wounded.
You block the two-headed ogre's attack.
The two-headed ogre hits you with a +0 giant club!
You die...

.. # ##.......##
....... ###........#
........
.(.#...#...#
..(....##..#...#..##
##(.......###..##.#
#..(......#.....###
#...............#
#...O###....####
#.@.#..### #.....###
##......# #....###
#..#.# ######


You could see a two-headed ogre (very poisoned).

Vanquished Creatures
  2 ogres
  2 necrophages
  A scorpion (D:5)
  2 hounds (D:5)
  An iguana (D:2)
  2 orc wizards
  Robin (D:4)
  6 adders
  An ufetubus (Temple)
  A worm (D:2)
  The ghost of leafyfresh the Sneak, a weakling OpDe (D:5)
  The ghost of leafyfresh the Sneak, a weakling OpDe (D:4)
  3 dart slugs
  6 orcs
  6 ball pythons
  8 endoplasms
  4 giant cockroaches
  9 goblins
  7 hobgoblins
  5 kobolds
  5 quokkas
  6 bats
  4 frilled lizards
  4 rats
88 creatures vanquished.

Vanquished Creatures (others)
  5 plants (D:1)
5 creatures vanquished.

Grand Total: 93 creatures vanquished

Notes
Turn   | Place    | Note
-------+----------+-------------------------------------------
     0 | D:1      | Renzlar the Ghoul Fighter began the quest for the Orb.
     0 | D:1      | Reached XP level 1. HP: 19/19 MP: 0/0
   105 | D:1      | Reached skill level 2 in Axes
   105 | D:1      | Reached XP level 2. HP: 23/26 MP: 1/1
   365 | D:1      | Found a faded altar of an unknown god.
   902 | D:2      | Reached XP level 3. HP: 31/31 MP: 2/2
   998 | D:2      | Reached skill level 3 in Axes
   998 | D:2      | Reached XP level 4. HP: 24/40 MP: 3/3
  2070 | D:3      | Reached XP level 5. HP: 46/46 MP: 4/4
  2324 | D:3      | Reached skill level 4 in Axes
  2336 | D:3      | Identified a scroll of acquirement
  2336 | D:3      | Acquired the ring of Qeadgh {Str+6 Dex+3 Slay+3}
  2495 | D:4      | Found a staircase to the Ecumenical Temple.
  2500 | D:4      | Noticed an ogre
  2507 | Temple   | Entered the Ecumenical Temple
  2516 | Temple   | Became a worshipper of Warmaster Okawaru
  2558 | Temple   | Killed an ogre
  2559 | Temple   | Reached skill level 5 in Axes
  2559 | Temple   | Reached XP level 6. HP: 25/52 MP: 5/5
  2937 | D:4      | Noticed Robin
  2950 | D:4      | Killed Robin
  2950 | D:4      | Reached * piety under Okawaru
  3015 | D:4      | Reached XP level 7. HP: 25/59 MP: 6/6
  3269 | D:4      | Found a runed translucent gate.
  3269 | D:4      | Found a runed translucent gate.
  3270 | D:4      | Found a runed translucent gate.
  3272 | D:4      | Noticed leafyfresh's ghost (weakling OpDe)
  3277 | D:4      | Killed leafyfresh's ghost
  3537 | D:5      | Entered Level 5 of the Dungeon
  3549 | D:5      | Reached skill level 1 in Ranged Weapons
  3844 | D:5      | Found a runed translucent door.
  3844 | D:5      | Noticed leafyfresh's ghost (weakling OpDe)
  3856 | D:5      | Killed leafyfresh's ghost
  3930 | D:5      | Noticed a two-headed ogre
  3939 | D:5      | Slain by a two-headed ogre

Illustrated notes

Levels and vault maps discovered:
D:1:      dpeg_arrival_boxes_within_box, layout_basic,
          hellmonk_ecumenical_altar_arch_garden, serial_forest,
          infiniplex_forest_clump_long, infiniplex_forest_clump_curved,
          infiniplex_forest_diagonal, infiniplex_forest_join,
          infiniplex_forest_clump_double, minmay_small_reverse_x
D:2:      layout_loops_ring
D:3:      layout_rooms
D:4:      layout_loops_ring, minmay_temple_entry_grid,
          ebering_ghost_rock_garden, uniq_robin
D:5:      layout_cave_pools, kennysheep_slug_shrine, gammafunk_ghost_grave,
          serial_shops, shop, kennysheep_decorative_pillar
Temple:   hellmonk_temple_of_storms

Skill      XL: |  1  2  3  4  5  6  7 |
---------------+----------------------+-----
Axes           | 2 3 5 |  5.5
Armour         | 3 |  3.6
Shields        | 3 |  3.4
Fighting       | 4 |  4.1
Ranged Weapons | 2 |  2.6
Dodging        | |  0.2
Stealth        | |  0.2

Action                   |  1- 3 |  4- 6 |  7- 9 || total
-------------------------+-------+-------+-------++-------
Melee: War axe           |    60 |   119 |    32 ||   211
 Fire: Sling             |       |    17 |    10 ||    27
Throw: Dart              |       |       |     3 ||     3
  Use: Scroll            |     7 |     7 |     1 ||    15
Armor: Scale mail        |    29 |       |       ||    29
       Chain mail        |       |    79 |    27 ||   106
Dodge: Dodged            |    34 |    43 |    11 ||    88
Block: Buckler           |    12 |    10 |       ||    22
       Kite shield       |       |    53 |    22 ||    75
